 Dungeon Crawl Stone Soup version 0.25.0-37-gb73750e0fb (webtiles) character file.

Game seed: 11971721621275645876

11265 cronos the Blocker (level 11, -5/72 HPs)
             Began as a Gargoyle Fighter on July 8, 2020.
             Was a Believer of Trog.
             Slain by Snorg (10 damage)
             ... on level 10 of the Dungeon.
             The game lasted 00:40:02 (10093 turns).

cronos the Blocker (Gargoyle Fighter)              Turns: 10093, Time: 00:40:03

Health: -5/72      AC: 31    Str: 23    XL:     11   Next: 75%
Magic:  11/11      EV:  4    Int:  9    God:    Trog [**....]
Gold:   727        SH: 24    Dex:  9    Spells: 10/10 levels left

rFire    . . .     SeeInvis +   a - +2 war axe
rCold    + . .     Gourm    .   I - +0 tower shield
rNeg     + . .     Faith    .   J - +1 plate armour {rC+}
rPois    ∞         Spirit   .   k - +0 helmet
rElec    +         Reflect  +   l - +2 cloak
rCorr    .         Harm     .   (no gloves)
MR       .....                  (no boots)
Stlth    ..........             D - amulet of reflection
HPRegen  0.22/turn              s - ring of see invisible
MPRegen  0.12/turn              H - +4 ring of protection

@: about to teleport, berserk cooldown, slowed, very slow
A: negative energy resistance 1, electricity resistance, unbreathing,
petrification resistance, rot immunity, AC +8
a: Berserk, Trog's Hand, Renounce Religion


You were on level 10 of the Dungeon.
You worshipped Trog.
Trog was pleased with you.
You were not hungry.

You visited 2 branches of the dungeon, and saw 11 of its levels.

You collected 727 gold pieces.

Inventory:

Hand Weapons
 a - a +2 war axe (weapon)
 q - a +2 great sword of flaming
Missiles
 K - 2 throwing nets (quivered)
Armour
 k - a +0 helmet (worn)
 l - a +2 cloak (worn)
 I - a +0 tower shield (worn)
 J - a +1 plate armour of cold resistance (worn)
Jewellery
 s - a ring of see invisible (left hand)
 z - an uncursed ring of protection from magic
 D - an amulet of reflection (around neck)
 H - a +4 ring of protection (right hand)
Wands
 b - a wand of iceblast (10)
 h - a wand of paralysis (20)
 j - a wand of polymorph (6)
Scrolls
 g - a scroll of enchant armour {unknown}
 i - 2 scrolls of random uselessness {unknown}
 o - 6 scrolls of amnesia
 r - 3 scrolls of teleportation
 u - 3 scrolls of immolation
 x - 5 scrolls of remove curse
 y - 4 scrolls of fog {unknown}
 E - a scroll of enchant weapon
 G - a scroll of blinking {unknown}
Potions
 d - 3 potions of might
 e - 8 potions of curing
 m - a potion of cancellation
 n - a potion of resistance
 v - 2 potions of haste
 w - a potion of berserk rage
 A - a potion of ambrosia
 B - 3 potions of lignification
 C - a potion of brilliance
 F - 2 potions of invisibility
Comestibles
 f - 15 rations


   Skills:
 + Level 10.0 Fighting
 + Level 8.0 Axes
 + Level 8.3 Armour
 * Level 13.1 Shields


You had 10 spell levels left.
You didn't know any spells.
Your spell library contained the following spells:

 Spells                   Type           Power        Failure   Level  Hunger
 Magic Dart               Conj           #...         100%        1    ##.....
 Blink                    Tloc           N/A          100%        2    ###....
 Call Imp                 Summ           #.......     100%        2    ###....
 Slow                     Hex            #.......     100%        2    ###....
 Conjure Flame            Conj/Fire      #.......     100%        3    ####...
 Mephitic Cloud           Conj/Pois/Air  #.......     100%        3    ####...


Dungeon Overview and Level Annotations

Branches:
Dungeon (10/15)            Temple (1/1) D:6             Orc (0/2) D:10
   Lair: D:8-11

Altars:
Ashenzari
Cheibriados
Dithmenos
Elyvilon
Fedhas
Gozag
Hepliaklqana
Kikubaaqudgha
Makhleb
Nemelex Xobeh
Okawaru
Qazlal
Ru
Sif Muna
Trog
Uskayaw
Vehumet
Wu Jian
Xom
Yredelemnul
Zin
The Shining One
Beogh

Shops:
D:7 *

Portals:
Abyss: D:3

Annotations:
D:2 1 runed translucent door, Crazy Yiuf
D:3 2 transporters, Tutankhamun's ghost, weakling DESu
D:10 Snorg


Innate Abilities, Weirdness & Mutations

You are resistant to torment.
Your stone body is resilient. (AC +8)
You are immune to poison.
You resist negative energy. (rN+)
You are resistant to electric shocks. (rElec)
You can survive without breathing.
You are immune to petrification.
You are immune to rotting.


Message History

Okay, then.
As you read the scroll of fear, it crumbles to dust.
You assume a fearsome visage.
You block Snorg's attack. x2
Snorg claws you but does no damage. Snorg bites you!
* * * LOW HITPOINT WARNING * * *
You block Snorg's attack. Snorg claws you but does no damage.
As you read the scroll of fear, it crumbles to dust.
You assume a fearsome visage.
Snorg easily resists.
Snorg bites you but does no damage. You block Snorg's attack. x2
Snorg bites you but does no damage. You block Snorg's attack. x2
Okay, then.
As you read the scroll of teleportation, it crumbles to dust.
You feel strangely unstable. You block Snorg's attack.
Snorg claws you but does no damage. You block Snorg's attack. x2
Snorg claws you.
* * * LOW HITPOINT WARNING * * *
You block Snorg's attack. Snorg bites you.
* * * LOW HITPOINT WARNING * * *
Snorg claws you!
You die...

...............# #..
#...............# #..
###...............####..
.......................#
.......................#
.............########..#
.............# #..#
.............# #..#
......T@...<.# #..#
.......†.....# #..#
.$......###### #..#
........# #### ........#
.......?# ........#
....%...#


You could see Snorg (berserk).

Vanquished Creatures
  A fire giant (D:9)
  Harold (D:9)
  Fannar (D:10)
  A yaktaur captain (D:9)
  3 centaur warriors (D:9)
  The ghost of kalagan the Skirmisher, a novice GrFi (D:5)
  A gargoyle (D:9)
  A troll (D:10)
  A merfolk (D:9)
  A slime creature (D:9)
  3 hippogriffs
  A water moccasin (D:9)
  A sky beast (D:9)
  2 orc warriors
  2 ice beasts
  A black bear (D:7)
  2 necrophages (D:9)
  A phantom (D:10)
  4 ogres
  A crocodile (D:9)
  4 centaurs
  2 big kobolds
  Blork the orc (D:5)
  6 bullfrogs
  A gnoll sergeant (D:9)
  A wyvern zombie (D:7)
  6 scorpions
  2 wyvern skeletons
  7 wights
  An electric eel (D:9)
  3 crimson imps
  A howler monkey (D:7)
  A bullfrog zombie (D:5)
  A quasit (D:9)
  A centaur skeleton (D:6)
  4 hounds
  2 orc priests (D:10)
  4 jellies
  3 orc wizards
  Jessica (D:2)
  An iguana (D:5)
  5 worker ants
  10 gnolls
  11 adders
  A shadow imp (D:8)
  An ooze (D:1)
  2 adder skeletons
  2 worms
  A dart slug (D:1)
  4 leopard geckos
  27 orcs
  2 ball pythons
  10 bats
  3 giant cockroaches
  11 goblins
  6 hobgoblins
  4 jackals
  4 quokkas
  7 frilled lizards
  A jackal skeleton (D:6)
  12 kobolds
  A leopard gecko skeleton (D:7)
  A quokka zombie (D:9)
  9 rats
  2 fungi (D:2)
220 creatures vanquished.

Vanquished Creatures (others)
  A kobold (D:9)
  2 withered plants (D:5)
3 creatures vanquished.

Grand Total: 223 creatures vanquished

Notes
Turn   | Place    | Note
-------+----------+-------------------------------------------
     0 | D:1      | cronos the Gargoyle Fighter began the quest for the Orb.
     0 | D:1      | Reached XP level 1. HP: 14/14 MP: 1/1
   339 | D:1      | Reached XP level 2. HP: 19/19 MP: 2/2
   461 | D:1      | Reached XP level 3. HP: 22/23 MP: 3/3
   704 | D:1      | Reached skill level 4 in Shields
   895 | D:2      | Noticed Jessica
   904 | D:2      | Killed Jessica
   904 | D:2      | Reached XP level 4. HP: 25/29 MP: 4/4
  1006 | D:2      | Found a white marble altar of Elyvilon.
  1420 | D:2      | Found a radiant altar of Vehumet.
  1530 | D:2      | Found a runed translucent door.
  1531 | D:2      | Noticed Crazy Yiuf
  1701 | D:3      | Reached XP level 5. HP: 33/33 MP: 5/5
  2445 | D:3      | Found a one-way gate to the infinite horrors of the Abyss.
  2445 | D:3      | Noticed Tutankhamun's ghost (weakling DESu)
  2453 | D:3      | Noticed a toenail golem
  2467 | D:3      | Found a transporter.
  2472 | D:3      | Noticed a big kobold
  2473 | D:3      | Found a transporter.
  2574 | D:3      | Reached skill level 5 in Shields
  2925 | D:4      | Noticed an ice beast
  2945 | D:4      | Killed an ice beast
  2945 | D:4      | Reached XP level 6. HP: 29/39 MP: 6/6
  3026 | D:4      | Found a white marble altar of Elyvilon.
  3391 | D:4      | Reached XP level 7. HP: 44/44 MP: 7/7
  3636 | D:4      | Found an ornate altar of the Wu Jian Council.
  3742 | D:5      | Entered Level 5 of the Dungeon
  3815 | D:5      | Noticed Blork the orc
  3826 | D:5      | Killed Blork the orc
  3826 | D:5      | Reached skill level 5 in Fighting
  3826 | D:5      | Reached skill level 6 in Shields
  3979 | D:5      | Reached skill level 5 in Armour
  4025 | D:5      | Found a runed translucent door.
  4026 | D:5      | Noticed kalagan's ghost (novice GrFi)
  4421 | D:5      | Killed kalagan's ghost
  4421 | D:5      | Reached skill level 7 in Shields
  4421 | D:5      | Reached XP level 8. HP: 20/51 MP: 8/8
  4653 | D:6      | Found a staircase to the Ecumenical Temple.
  4670 | D:6      | Found a stormy altar of Qazlal.
  4986 | D:6      | Found an opulent altar of Gozag.
  5205 | D:6      | Reached skill level 8 in Shields
  5362 | D:6      | Found an iron altar of Okawaru.
  5380 | D:6      | Found a hazy altar of Hepliaklqana.
  5417 | D:6      | Found a glowing golden altar of the Shining One.
  5498 | Temple   | Entered the Ecumenical Temple
  5693 | Temple   | Became a worshipper of Trog the Wrathful
  5806 | D:7      | Found Vaquheav's Mass Market.
  5892 | D:7      | Found a basalt altar of Yredelemnul.
  5919 | D:7      | Reached XP level 9. HP: 53/56 MP: 9/9
  5990 | D:7      | Reached skill level 5 in Axes
  6133 | D:7      | Reached skill level 9 in Shields
  6144 | D:7      | Reached * piety under Trog
  6761 | D:8      | Found a burning altar of Makhleb.
  6905 | D:8      | Found a shadowy altar of Dithmenos.
  7566 | D:9      | Reached skill level 10 in Shields
  7787 | D:9      | Reached XP level 10. HP: 64/64 MP: 10/10
  7830 | D:9      | Noticed a gargoyle
  7839 | D:9      | Killed a gargoyle
  7943 | D:9      | Reached skill level 11 in Shields
  7967 | D:9      | Reached ** piety under Trog
  8193 | D:9      | Found a blossoming altar of Fedhas.
  8334 | D:9      | Noticed Harold
  8347 | D:9      | Killed Harold
  8533 | D:9      | Noticed a centaur warrior
  8543 | D:9      | Killed a centaur warrior
  8605 | D:9      | Noticed a centaur warrior
  8608 | D:9      | Killed a centaur warrior
  8608 | D:9      | Reached skill level 12 in Shields
  8608 | D:9      | Reached XP level 11. HP: 70/71 MP: 11/11
  8608 | D:9      | Noticed a yaktaur captain
  8612 | D:9      | Killed a yaktaur captain
  8616 | D:9      | Noticed a centaur warrior
  8625 | D:9      | Killed a centaur warrior
  8673 | D:9      | Noticed a fire giant
  8683 | D:9      | Killed a fire giant
  8852 | D:9      | Identified the Tome of Fiery Augmentations
  9236 | D:10     | Entered Level 10 of the Dungeon
  9263 | D:10     | Noticed Fannar
  9305 | D:10     | Killed Fannar
  9305 | D:10     | Reached skill level 13 in Shields
  9452 | D:10     | Found a hide-covered altar of Uskayaw.
  9681 | D:10     | Found a staircase to the Orcish Mines.
 10022 | D:10     | Found a roughly hewn altar of Beogh.
 10066 | D:10     | Noticed Snorg
 10087 | D:10     | Reached skill level 10 in Fighting
 10093 | D:10     | Slain by Snorg

Illustrated notes

Levels and vault maps discovered:
D:1:      nagdon_arrival_double_spiral, layout_loops_cross, minmay_pentomino_x4
D:2:      layout_basic, lemuel_doored_altar, elyvilon_altar_4, uniq_jessica,
          uniq_crazy_yiuf_cottage
D:3:      kennysheep_the_goblin_king, layout_basic,
          gammafunk_ghost_abyssal_escape
D:4:      layout_basic, kennysheep_mini, nicolae_overflow_crystal_walls,
          first_ration, kennysheep_generic_room_2
D:5:      layout_rooms, gammafunk_ghost_grave, uniq_blork_the_orc
D:6:      minmay_diamond_boxcup, layout_loops_ring,
          nicolae_qazlal_general_emergency, nicolae_overflow_quartered_altars,
          minmay_temple_entry_statues_fountains
D:7:      layout_loops_ring, lemuel_round_altar, enter_bailey_8, abandoned_shop,
          minmay_shop_mass
D:8:      layout_loops_ring, grunt_dithmenos_smoke_and_mirrors,
          kennysheep_mini_moat
D:9:      minmay_sliced_demisemicircle, layout_loops_ring, basic_altar,
          minivault_14, hangedman_fish_farm, uniq_harold
D:10:     layout_small_grid, minmay_orc_entry_temple_small, basic_altar,
          uniq_snorg, uniq_fannar
Temple:   minmay_temple_curvy_loop

Skill      XL: |  1  2  3  4  5  6  7  8  9 10 11 |
---------------+----------------------------------+-----
Axes           | 2 3 4 6 7 8 |  8.0
Shields        | 4 5 7 8 10 12 13 | 13.1
Fighting       | 4 5 6 7 9 10 | 10.0
Armour         | 4 5 6 7 8 |  8.3

Action                   |  1- 3 |  4- 6 |  7- 9 | 10-12 || total
-------------------------+-------+-------+-------+-------++-------
Melee: War axe           |    92 |   280 |   419 |   304 ||  1095
Throw: Throwing net      |       |       |     2 |     1 ||     3
Invok: Berserk           |       |       |     5 |    11 ||    16
       Trog's Hand       |       |       |       |     1 ||     1
  Use: Scroll            |     1 |     4 |    13 |     6 ||    24
       Potion            |       |     4 |       |       ||     4
  Eat: Chunk             |       |     7 |     4 |     1 ||    12
       Ration            |       |     1 |     4 |     6 ||    11
Armor: Scale mail        |    43 |       |       |       ||    43
       Plate armour      |    11 |   195 |   218 |   133 ||   557
Dodge: Dodged            |    18 |    43 |    81 |    22 ||   164
Block: Kite shield       |    57 |   201 |   212 |       ||   470
       Tower shield      |       |       |    96 |   321 ||   417
       Reflection        |       |       |     8 |    14 ||    22
